 Dungeon Crawl Stone Soup version 0.17.0-1-g61d176b (webtiles) character file.

86684 inmateoo the Bewitcher (level 15, -2/109 HPs)
             Began as a Vampire Enchanter on Nov 7, 2015.
             Was the Champion of Okawaru.
             Slain by an ettin skeleton (21 damage)
             ... on level 15 of the Dungeon.
             The game lasted 01:24:25 (29043 turns).

inmateoo the Bewitcher (Vampire Enchanter)         Turns: 29043, Time: 01:24:25

Health: -2/109     AC: 13    Str:  6 (7)  XL:     15   Next: 41%
Magic:  19/37      EV: 15    Int: 19 (24) God:    Okawaru [******]
Gold:   1628       SH:  0    Dex: 18      Spells: 8 memorised, 2 levels left

rFire  + + .     SeeInvis +     C - +9 quick blade
rCold  . . .     Clarity  +     Y - +3 ring mail {rF+}
rNeg   . . .     SustAt   .     (no shield)
rPois  +         Gourm    .     V - +1 hat of Dupnelar {Regen+ MP+9}
rElec  .         Spirit   .     r - +1 cloak {rPois}
rCorr  .         Warding  .     h - +1 pair of gloves
rMut   .         Stasis   .     G - +1 pair of boots {Stlth+}
MR     +++..                    u - amulet of clarity
Stlth  ++++++++..               W - ring of Bytyagex {rF+ MR++ AC-2} (curse)
                                Q - +3 ring of intelligence

@: very slightly contaminated, regenerating quickly, invisible, extremely
resistant to hostile enchantments, extraordinarily stealthy
A: fangs 3, see invisible, deterioration 1, unbreathing, evolution 1, no device
heal 1
a: Heroism, Finesse, Renounce Religion


You were on level 15 of the Dungeon.
You worshipped Okawaru.
Okawaru was exalted by your worship.
You were very full.

You visited 3 branches of the dungeon, and saw 27 of its levels.
You also visited: Labyrinth and Ice Cave.

You collected 2789 gold pieces.
You spent 1161 gold pieces at shops.

Inventory:

Hand Weapons
 C - a +9 quick blade (weapon)
 P - a +2 quick blade of freezing
Missiles
 s - 7 throwing nets (quivered)
Armour
 c - a +0 buckler
 h - a +1 pair of gloves (worn)
 r - a +1 cloak of poison resistance (worn)
 G - a +1 pair of boots of stealth (worn)
 N - a +1 cloak of cold resistance
 V - the +1 hat of Dupnelar (worn) {Regen+ MP+9}
   (Okawaru gifted it to you on level 4 of the Orcish Mines)

   It affects your magic capacity (+9).
   It increases your rate of regeneration.
 Y - a +3 ring mail of fire resistance (worn)
Jewellery
 u - an amulet of clarity (around neck)
 A - an uncursed ring of magical power
 K - an uncursed ring of poison resistance
 M - an uncursed ring of positive energy
 Q - a +3 ring of intelligence (left hand)
 W - the cursed ring of Bytyagex (right hand) {rF+ MR++ AC-2}
   (You bought it in a shop on level 4 of the Orcish Mines)

   [ring of protection]

   It affects your AC (-2).
   It protects you from fire.
   It affects your resistance to hostile enchantments.
   It has a curse placed upon it.
 X - an uncursed amulet of resist corrosion
Wands
 t - a wand of disintegration (5)
 w - a wand of paralysis (10)
 J - a wand of digging (15)
Scrolls
 d - a scroll of amnesia
 e - 4 scrolls of identify
 l - a scroll of blinking
 m - 9 scrolls of remove curse
 n - 7 scrolls of teleportation
 q - 2 scrolls of fog
 B - 3 scrolls of enchant armour
Potions
 a - a potion of might
 b - a potion of berserk rage {unknown}
 f - 5 potions of curing
 g - 2 potions of invisibility
 j - 4 potions of flight
 o - 2 potions of brilliance
 x - a potion of cancellation
 E - a potion of haste
 L - a potion of agility
 U - a potion of heal wounds
Books
 p - a book of Enchantments

   Spells                             Type                      Level
   a - Cause Fear                     Hexes                        4
   b - Silence                        Hexes/Air                    5
   c - Deflect Missiles               Charms/Air                   6
   d - Haste                          Charms                       6
   e - Discord                        Hexes                        8
Miscellaneous
 y - a plain deck of destruction
 R - a fan of gales
 S - a lamp of fire


   Skills:
 + Level 7.6 Fighting
 - Level 10.7 Short Blades
 + Level 2.6 Armour
 - Level 11.0 Dodging
 + Level 15.6 Stealth
 + Level 9.9 Spellcasting
 - Level 19.0 Hexes
 + Level 9.3 Charms
 - Level 5.6 Invocations


You had 2 spell levels left.
You knew the following spells:

 Your Spells              Type           Power        Failure   Level  Hunger
a - Regeneration          Chrm/Necr      ####......   14%         3    None
b - Ensorcelled Hibernat  Hex/Ice        #####.       1%          2    None
c - Confuse               Hex            ######..     1%          3    None
d - Dazzling Spray        Conj/Hex       #####...     1%          3    None
e - Deflect Missiles      Chrm/Air       ####......   100%        6    ######.
f - Shroud of Golubria    Chrm/Tloc      ####......   8%          2    None
h - Invisibility          Hex            ######..     1%          6    ######.
i - Haste                 Chrm           #####...     89%         6    ######.


Dungeon Overview and Level Annotations

Branches:
Dungeon (15/15)            Temple (0/1) D:7            Lair (8/8) D:8
  Swamp (0/4) Lair:6        Snake (0/4) Lair:5        Slime (0/6) Lair:8
    Orc (4/4) D:10            Elf (0/3) Orc:3        Vaults (0/5) D:14
 Depths (0/5) D:15

Altars:
Ashenzari
Cheibriados
Nemelex Xobeh
Okawaru
Ru
Sif Muna
Trog
Vehumet
Xom
Yredelemnul
The Shining One
Beogh

Shops:
D:7 *   Orc:1 !   Orc:2 :   Orc:4 =[*[


Innate Abilities, Weirdness & Mutations

Your natural rate of healing is unusually fast.
You have razor-sharp teeth.
You have supernaturally acute eyesight.
You can survive without breathing.
Your body sometimes deteriorates upon taking damage.
You evolve.
Potions and wands are less effective at restoring your health.


Message History

The vampire mage is almost destroyed.
The tengu zombie hits you.
* * * LOW HITPOINT WARNING * * *
The tengu zombie closely misses you. The tengu zombie barely misses you.
Unknown command.
You hit the vampire mage but do no damage.
The vampire mage is almost destroyed.
The vampire mage hits you!
* * * LOW HITPOINT WARNING * * *
The vampire mage bites you but does no damage.
Unknown command.
You hit the vampire mage but do no damage.
You bite the vampire mage, but do no damage.
The vampire mage is almost destroyed.
The skeletal warrior closely misses you.
Unknown command.
You hit the vampire mage but do no damage.
The vampire mage is almost destroyed.
The ettin skeleton barely misses you. The ettin skeleton hits you!!
You die...

#................# #..######..
##...##...........#####..........
.....##..........................
.................................
<............P....P..............
............P..................
....###..........8.....}.......
....# #..P8.....V..............
....# #.....P(..@..(...........
....# #<.....8zZZ.............
..... .......$.>z............
...........8.......P.8......
.......8.....8.....
..P.8.............
.P...88...P..8...
........P....... ...8............


You could see 2 skeletal warriors, a vampire mage (confused), a tengu zombie and
an ettin skeleton.

Vanquished Creatures
  Norris (D:14)
  Rupert (D:14)
  Snorg (Orc:1)
  Erolcha (Orc:3)
  Harold (D:10)
  A catoblepas (Lair:8)
  4 hydras
  2 centaur warriors
  A minotaur (Lab)
  Erica (D:10)
  A tengu warrior (D:12)
  6 death yaks
  4 orc high priests (Orc:4)
  Urug (Lair:3)
  A deep troll shaman (Lair:8)
  A fire crab (Lair:8)
  4 skeletal warriors (D:14)
  2 unseen horrors
  3 ice devils (IceCv)
  2 hill giants
  A necromancer (D:15)
  A wizard (D:15)
  8 ugly things
  2 orc knights
  A wolf spider zombie (D:12)
  A wolf spider (D:15)
  4 griffons
  3 orc sorcerers (Orc:4)
  A frost giant zombie (D:15)
  4 centaur zombies
  2 cyclopes
  9 elephants
  2 black mambas (Lair:6)
  An ice statue (IceCv)
  5 spiny frogs
  4 torpor snails (Lair:2)
  A gargoyle (D:10)
  A tengu conjurer (D:12)
  A yaktaur (D:14)
  7 komodo dragons
  2 kobold demonologists (D:7)
  A fire drake (Lair:7)
  5 trolls
  3 polar bears
  20 blink frogs
  Prince Ribbit (D:6)
  6 blue devils (IceCv)
  A queen bee (Lair:5)
  A two-headed ogre (D:10)
  3 slime creatures (D:14)
  3 water elementals (D:13)
  A wyvern (D:12)
  3 deep elf magi
  A shadow (D:13)
  32 yaks
  15 humans (D:14)
  Eustachio (D:5)
  A hog (shapeshifter) (D:13)
  A wraith (D:13)
  Grum (D:10)
  6 basilisks
  A vampire (D:13)
  10 wolves
  A human zombie (D:15)
  8 hippogriffs
  A naga (Lair:5)
  A hungry ghost (D:15)
  13 water moccasins
  2 black bears
  2 ice beasts
  11 porcupines
  3 phantoms
  A necrophage (D:9)
  2 eyes of draining (D:13)
  28 orc warriors
  18 crocodiles
  17 centaurs
  3 sky beasts
  11 ogres
  2 big kobolds (D:7)
  20 giant frogs
  A wyvern skeleton (D:11)
  3 scorpions
  32 killer bees
  4 jellies
  A wasp zombie (D:5)
  2 electric eels (D:13)
  A giant frog zombie (D:12)
  12 iguanas
  3 centaur skeletons
  Crazy Yiuf (D:4)
  33 orc priests
  A quasit (D:14)
  11 crimson imps
  2 giant frog skeletons
  11 hounds
  13 worker ants
  46 orc wizards
  8 sheep
  A hound skeleton (D:10)
  2 worker ant zombies
  35 river rats
  7 gnolls
  8 adders
  3 shadow imps
  15 white imps
  7 ufetubi (IceCv)
  5 oozes
  2 adder skeletons
  2 adder zombies
  A worm (D:2)
  4 giant geckos
  197 orcs
  9 bats
  4 giant cockroaches
  2 goblins (D:3)
  9 hobgoblins
  12 jackals
  4 quokkas
  6 giant newts
  A jackal zombie (D:5)
  27 kobolds
  4 rats
913 creatures vanquished.

Vanquished Creatures (others)
  5 white imps (IceCv)
  2 ufetubi (IceCv)
  An orc (Orc:4)
  16 fungi
  2 plants (D:8)
26 creatures vanquished.

Grand Total: 939 creatures vanquished

Notes
Turn   | Place    | Note
--------------------------------------------------------------
     0 | D:1      | inmateoo the Vampire Enchanter began the quest for the Orb.
     0 | D:1      | Reached XP level 1. HP: 13/13 MP: 3/3
   220 | D:1      | Reached XP level 2. HP: 19/19 MP: 5/5
   224 | D:1      | Learned a level 2 spell: Ensorcelled Hibernation
   659 | D:1      | Reached skill level 5 in Hexes
  1191 | D:2      | Reached XP level 3. HP: 22/24 MP: 6/6
  2093 | D:3      | Reached XP level 4. HP: 30/30 MP: 7/7
  2617 | D:4      | Reached skill level 6 in Hexes
  2736 | D:3      | Learned a level 3 spell: Confuse
  2850 | D:4      | Reached skill level 5 in Stealth
  2850 | D:4      | Reached XP level 5. HP: 24/35 MP: 8/8
  3202 | D:4      | Found an iron altar of Okawaru.
  3298 | D:4      | Noticed Crazy Yiuf
  3304 | D:4      | Killed Crazy Yiuf
  3475 | D:4      | Reached XP level 6. HP: 33/41 MP: 5/10
  3561 | D:5      | Entered Level 5 of the Dungeon
  3565 | D:5      | Reached skill level 7 in Hexes
  3732 | D:4      | Became a worshipper of Warmaster Okawaru
  3936 | D:5      | Noticed Eustachio
  4319 | D:5      | Killed Eustachio
  4319 | D:5      | Reached * piety under Okawaru
  4319 | D:5      | Reached XP level 7. HP: 42/46 MP: 5/11
  4369 | D:5      | Found a sparkling altar of Nemelex Xobeh.
  4501 | D:5      | Reached skill level 8 in Hexes
  4704 | D:5      | Reached ** piety under Okawaru
  4817 | D:6      | Noticed Prince Ribbit
  4829 | D:5      | Reached skill level 9 in Hexes
  4914 | D:6      | Killed Prince Ribbit
  4914 | D:6      | Reached XP level 8. HP: 49/52 MP: 6/13
  5018 | D:6      | Learned a level 3 spell: Dazzling Spray
  5060 | D:6      | Reached skill level 5 in Dodging
  5188 | D:6      | Reached skill level 10 in Hexes
  5190 | D:6      | Reached *** piety under Okawaru
  5190 | D:6      | Reached skill level 5 in Short Blades
  5740 | D:7      | Found a shimmering altar of Xom.
  5741 | D:7      | Found a shimmering altar of Xom.
  5861 | D:7      | Found a shimmering altar of Xom.
  5875 | D:7      | Found Naanto's Wicked Wares.
  5875 | D:7      | Found a basalt altar of Yredelemnul.
  5939 | D:7      | Reached XP level 9. HP: 49/57 MP: 14/15
  6052 | D:7      | Found a shimmering altar of Xom.
  6055 | D:7      | Found a shimmering altar of Xom.
  6056 | D:7      | Found a shimmering altar of Xom.
  6177 | D:7      | Found a staircase to the Ecumenical Temple.
  6233 | D:7      | Reached skill level 11 in Hexes
  6243 | D:7      | Noticed a troll
  6248 | D:7      | Noticed a kobold demonologist
  6250 | D:7      | Killed a troll
  6253 | D:7      | Noticed a kobold demonologist
  6255 | D:7      | Killed a kobold demonologist
  6255 | D:7      | Reached **** piety under Okawaru
  6271 | D:7      | Killed a kobold demonologist
  6271 | D:7      | Reached skill level 5 in Spellcasting
  6555 | D:8      | Found a radiant altar of Vehumet.
  6590 | D:8      | Reached skill level 12 in Hexes
  6730 | D:8      | Found a staircase to the Lair.
  6731 | D:8      | Noticed a komodo dragon
  6758 | D:8      | Killed a komodo dragon
  6826 | D:8      | Found a sacrificial altar of Ru.
  6827 | D:8      | Found a deep blue altar of Sif Muna.
  6828 | D:8      | Found a bloodstained altar of Trog.
  7134 | D:8      | Reached XP level 10. HP: 43/63 MP: 18/18
  7490 | D:9      | Reached ***** piety under Okawaru
  7545 | D:9      | Reached skill level 10 in Stealth
  7800 | D:9      | Got a translucent long sword
  7854 | D:9      | Reached skill level 13 in Hexes
  8105 | D:9      | Learned a level 6 spell: Deflect Missiles
  8248 | D:10     | Entered Level 10 of the Dungeon
  8282 | D:10     | Noticed Harold
  8368 | D:10     | Found a shattered altar of Ashenzari.
  8416 | D:10     | Noticed Grum
  8460 | D:10     | Noticed Erica
  8481 | D:10     | Killed Erica
  8481 | D:10     | Reached skill level 1 in Fighting
  8481 | D:10     | Reached skill level 1 in Charms
  8481 | D:10     | Reached skill level 1 in Invocations
  8605 | D:10     | Received a gift from Okawaru
  8804 | D:9      | Identified a scroll of acquirement
  8826 | D:9      | Gained mutation: Your mind is acute. (Int +2) [potion of beneficial mutation]
  9131 | D:10     | Found a staircase to the Orcish Mines.
  9328 | D:10     | Killed Harold
  9328 | D:10     | Reached skill level 14 in Hexes
  9328 | D:10     | Reached XP level 11. HP: 46/72 MP: 12/20
  9467 | D:10     | Found a roughly hewn altar of Beogh.
  9642 | D:10     | Noticed an unseen horror
  9647 | D:10     | Killed an unseen horror
  9719 | D:10     | Killed Grum
 10728 | D:12     | Noticed a tengu warrior
 10734 | D:12     | Killed a tengu warrior
 10734 | D:12     | Received a gift from Okawaru
 10737 | D:12     | Got a crude dagger {god gift}
 10739 | D:12     | Identified the +1 dagger of Abuse {vamp, rF++ Str-5 Int+5} (Okawaru gifted it to you on level 12 of the Dungeon)
 11003 | D:12     | Noticed an unseen horror
 11010 | D:12     | Killed an unseen horror
 11410 | D:13     | Reached skill level 15 in Hexes
 11460 | D:13     | Learned a level 2 spell: Shroud of Golubria
 11464 | D:13     | Learned a level 3 spell: Regeneration
 11551 | D:13     | Noticed a hill giant
 11554 | D:13     | Killed a hill giant
 11554 | D:13     | Reached XP level 12. HP: 81/81 MP: 22/22
 12130 | D:13     | Noticed a centaur warrior
 12136 | D:13     | Killed a centaur warrior
 12189 | D:13     | Reached skill level 5 in Charms
 12693 | D:14     | Found a gate to the Vaults.
 12693 | D:14     | Noticed Rupert
 12693 | D:14     | Noticed Norris
 12764 | D:12     | Reached ****** piety under Okawaru
 12848 | Lair:1   | Entered Level 1 of the Lair of Beasts
 13452 | Lair:1   | Noticed an eight-headed hydra
 13459 | Lair:1   | Killed an eight-headed hydra
 14306 | Lair:2   | Found a snail-covered altar of Cheibriados.
 14330 | Lair:2   | Received a gift from Okawaru
 14347 | Lair:2   | Reached skill level 16 in Hexes
 14790 | Lair:3   | Noticed Urug
 14807 | Lair:3   | Killed Urug
 15058 | Lair:3   | Noticed a seven-headed hydra
 15065 | Lair:3   | Killed a seven-headed hydra
 15167 | Lair:3   | Learned a level 6 spell: Invisibility
 15196 | Lair:3   | Reached skill level 5 in Invocations
 15339 | Lair:3   | Reached XP level 13. HP: 90/90 MP: 17/24
 15342 | Lair:3   | Reached skill level 5 in Fighting
 15454 | Lair:4   | Received a gift from Okawaru
 15507 | Lair:4   | Found a labyrinth entrance.
 15516 | Lab      | Entered a labyrinth
 16411 | Lair:4   | Found a glowing golden altar of the Shining One.
 17335 | Lair:5   | Gained mutation: You are weak. (Str -2) [mutagenic glow]
 17340 | Lair:5   | Found a staircase to the Snake Pit.
 17360 | Lair:5   | Found a frozen archway.
 17408 | IceCv    | Entered an ice cave
 17619 | IceCv    | Gained mutation: You are clumsy. (Dex -2) [mutagenic glow]
 18268 | IceCv    | Reached skill level 17 in Hexes
 19087 | Lair:5   | Reached skill level 10 in Dodging
 19227 | Lair:6   | Got a translucent ring mail
 19231 | Lair:6   | Identified the cursed +0 ring mail "Gofaggao" {rPois rN+ Str-4} (You found it on level 6 of the Lair of Beasts)
 19335 | Lair:6   | Found a staircase to the Swamp.
 20433 | Lair:7   | Received a gift from Okawaru
 20678 | Lair:7   | Reached XP level 14. HP: 100/100 MP: 26/26
 20929 | Lair:8   | Entered Level 8 of the Lair of Beasts
 21293 | Lair:8   | Found a staircase to the Slime Pits.
 21616 | Lair:8   | Reached skill level 10 in Short Blades
 21889 | Lair:8   | Received a gift from Okawaru
 22538 | Lair:8   | Reached skill level 18 in Hexes
 23170 | Orc:1    | Entered Level 1 of the Orcish Mines
 23178 | Orc:1    | Found Erusoeg's Distillery.
 23434 | Orc:1    | Bought a potion of agility for 52 gold pieces
 23434 | Orc:1    | Bought a potion of mutation for 32 gold pieces
 23434 | Orc:1    | Bought a potion of curing for 39 gold pieces
 23434 | Orc:1    | Bought a potion of heal wounds for 65 gold pieces
 23434 | Orc:1    | Gained mutation: Armour fits poorly on your strangely shaped body. [potion of mutation]
 23470 | Orc:1    | Lost mutation: Your mind is acute. (Int +2) [potion of cure mutation]
 23470 | Orc:1    | Lost mutation: You are clumsy. (Dex -2) [potion of cure mutation]
 23470 | Orc:1    | Lost mutation: You are weak. (Str -2) [potion of cure mutation]
 23470 | Orc:1    | Lost mutation: Armour fits poorly on your strangely shaped body. [potion of cure mutation]
 23497 | Orc:1    | Found a roughly hewn altar of Beogh.
 23529 | Orc:1    | Found a roughly hewn altar of Beogh.
 23613 | Orc:1    | Found a bloodstained altar of Trog.
 23960 | Orc:3    | Noticed Erolcha
 23968 | Orc:3    | Killed Erolcha
 24036 | Orc:3    | Received a gift from Okawaru
 24154 | Orc:3    | Found a staircase to the Elven Halls.
 24474 | Orc:2    | Found a roughly hewn altar of Beogh.
 24586 | Orc:2    | Found Weheuppyrgh's Book Boutique.
 24891 | Orc:1    | Noticed Snorg
 24898 | Orc:1    | Killed Snorg
 24901 | Orc:1    | Found a roughly hewn altar of Beogh.
 25186 | Orc:4    | Entered Level 4 of the Orcish Mines
 25205 | Orc:4    | Received a gift from Okawaru
 25745 | Orc:4    | Found Ammok's Armour Boutique.
 25745 | Orc:4    | Found Baakher's Armour Shop.
 25746 | Orc:4    | Found Saanueg's Jewellery Shop.
 25875 | Orc:4    | Received a gift from Okawaru
 25876 | Orc:4    | Got a warped hat {god gift}
 26797 | Orc:4    | Found Pibruwi's Assorted Antiques.
 26801 | Orc:4    | Bought the cursed ring of Bytyagex {rF+ MR++ AC-2} for 283 gold pieces
 26801 | Orc:4    | Bought an uncursed amulet of resist corrosion for 300 gold pieces
 26803 | Orc:4    | Bought a +3 ring mail of fire resistance for 390 gold pieces
 26804 | Orc:4    | Identified the +1 hat of Dupnelar {Regen+ MP+9} (Okawaru gifted it to you on level 4 of the Orcish Mines)
 27375 | D:14     | Reached skill level 15 in Stealth
 27439 | D:14     | Killed Rupert
 27439 | D:14     | Reached skill level 1 in Armour
 27443 | D:14     | Gained mutation: Potions and wands are less effective at restoring your health. [potion of mutation]
 27443 | D:14     | Gained mutation: Your body sometimes deteriorates upon taking damage. [potion of mutation]
 27443 | D:14     | Gained mutation: You evolve. [potion of mutation]
 27447 | D:14     | Reached XP level 15. HP: 108/108 MP: 27/28
 27695 | D:14     | Learned a level 6 spell: Haste
 28176 | D:14     | Reached skill level 19 in Hexes
 28272 | D:14     | Noticed a centaur warrior
 28286 | D:14     | Killed a centaur warrior
 28685 | D:14     | Killed Norris
 28873 | D:15     | Entered Level 15 of the Dungeon
 28924 | D:15     | Found a staircase to the Depths.
 28944 | D:15     | Found an iron altar of Okawaru.
 28977 | D:15     | Received a gift from Okawaru
 29043 | D:15     | Slain by an ettin skeleton

Action                   |  1- 3 |  4- 6 |  7- 9 | 10-12 | 13-15 || total
-------------------------+-------+-------+-------+-------+-------++-------
Melee: Dagger            |   128 |   246 |   342 |   814 |       ||  1530
       Quick blade       |       |       |       |    54 |  1679 ||  1733
 Cast: Ensorcelled Hiber |    10 |    33 |    50 |   119 |    43 ||   255
       Confuse           |       |     3 |     7 |    50 |    50 ||   110
       Dazzling Spray    |       |       |     5 |    50 |    23 ||    78
       Invisibility      |       |       |       |     2 |    30 ||    32
       Shroud of Golubri |       |       |       |       |     5 ||     5
       Regeneration      |       |       |       |       |     3 ||     3
Invok: Heroism           |       |       |       |     3 |     8 ||    11
Evoke: Wand              |       |       |       |       |     4 ||     4
  Use: Scroll            |       |       |       |    25 |    13 ||    38
       Potion            |       |       |       |     1 |     3 ||     4
 Stab: Sleeping          |    19 |    17 |    47 |   106 |   140 ||   329
       Confused          |       |     1 |     7 |    38 |    34 ||    80
       Distracted        |       |       |     1 |     3 |     3 ||     7
       Invisible         |       |       |     5 |    11 |   165 ||   181
  Eat: Corpse            |    17 |    13 |    19 |    46 |    78 ||   173
